 Dungeon Crawl Stone Soup version 0.27-a0-531-gb72ec1a1b6 (webtiles) character file.

Game seed: 3918846378591687631

18 jasper the Sneak (level 2, 0/13 HPs)
             Began as a Spriggan Necromancer on Mar 5, 2021.
             Slain by an adder (2 damage)
             ... on level 2 of the Dungeon.
             The game lasted 00:01:00 (881 turns).

jasper the Sneak (Spriggan Necromancer)              Turns: 881, Time: 00:01:00

Health: 0/13       AC:  2    Str:  4    XL:     2   Next: 48%
Magic:  0/6        EV: 17    Int: 16    God:
Gold:   0          SH:  0    Dex: 15    Spells: 4/6 levels left

rFire    . . .     SeeInvis +   b - +0 hand axe
rCold    . . .     Faith    .   (shield restricted)
rNeg     . . .     Spirit   .   a - +0 robe
rPois    .         Reflect  .   (helmet restricted)
rElec    .         Harm     .   (no cloak)
rCorr    .         Rampage  .   (gloves unavailable)
Will     .....                  (boots unavailable)
Stlth    +++.......             (no amulet)
HPRegen  0.04/turn              c - ring of wizardry
MPRegen  0.10/turn              (no ring)

@: very quick
A: very small, unfitting armour, see invisible, speed 3
a: no special abilities


You were on level 2 of the Dungeon.
You visited 1 branch of the dungeon, and saw 2 of its levels.

Inventory:

Hand Weapons
 b - a +0 hand axe (weapon)
Armour
 a - a +0 robe (worn)
Jewellery
 c - a ring of wizardry (left hand)


   Skills:
 - Level 2.6 Dodging
 + Level 4.0 Stealth
 - Level 2.6 Spellcasting
 + Level 4.0 Necromancy


You had 4 spell levels left.
You knew the following spells:

 Your Spells              Type           Power      Damage    Failure   Level
a - Pain                  Necr           56%        1d6       1%          1
b - Animate Skeleton      Necr           28%        N/A       1%          1

Your spell library contained the following spells:

 Spells                   Type           Power      Damage    Failure   Level
 Vampiric Draining        Necr           7%         2d7       4%          3
 Animate Dead             Necr           7%         N/A       16%         4
 Agony                    Necr           14%        N/A       38%         5


Dungeon Overview and Level Annotations

Branches:
Dungeon (2/15)

Altars:


Innate Abilities, Weirdness & Mutations

You are very small and have problems with some larger weapons.
You are too small for most types of armour.
You have supernaturally acute eyesight. (SInv)
You cover ground extremely quickly. (Speed+++)


Message History

An adder is nearby!
You start resting.
An adder is nearby!
An adder is nearby!
Aiming: Pain (safe; 1% risk of failure)
Press: ? - help, Q - select action, (/) - cycle Shift-Dir - straight line, f - adder
Aim: an adder (wandering, hasn't noticed you, chance to affect: 79%)
The adder hisses angrily.
The adder writhes in agony.
You take 1 damage, and have 4/13 hp.
Aiming: Pain (safe; 1% risk of failure)
Press: ? - help, Q - select action, (/) - cycle Shift-Dir - straight line, f/p - adder
Aim: an adder (lightly wounded, chance to affect: 79%)
The adder writhes in agony.
You take 1 damage, and have 3/13 hp.
You now have 3/6 mp.
Aiming: Pain (safe; 1% risk of failure)
Press: ? - help, Q - select action, (/) - cycle Shift-Dir - straight line, f/p - adder
Aim: an adder (heavily wounded, chance to affect: 79%)
The adder writhes in agony.
The adder closely misses you. The adder misses you.
You take 1 damage, and have 2/13 hp.
You now have 2/6 mp.
Aiming: Pain (safe; 1% risk of failure)
Press: ? - help, Q - select action, (/) - cycle Shift-Dir - straight line, f/p - adder
Aim: an adder (heavily wounded, chance to affect: 79%)
The adder writhes in agony.
The adder bites you but does no damage.
You take 1 damage, and have 1/13 hp.
You now have 1/6 mp.
Aiming: Pain (safe; 1% risk of failure)
Press: ? - help, Q - select action, (/) - cycle Shift-Dir - straight line, f/p - adder
Aim: an adder (severely wounded, chance to affect: 79%)
The adder barely resists.
The adder misses you.
You now have 0/6 mp.
You miss the adder.
The adder is severely wounded.
The adder barely misses you. The adder closely misses you.
You closely miss the adder.
The adder is severely wounded.
The adder bites you.
You die...

## ... #..
###.######
........@#
.......S.#
.........#######
.........#.<...#.
...................
.................##
......##.........#
.##.#. #.......†.#
#.#. #...S.......


You could see an adder.

Vanquished Creatures
  An ooze (D:1)
  A dart slug (D:1)
  A leopard gecko (D:1)
  A giant cockroach (D:1)
  2 jackals (D:1)
  A bat (D:1)
  2 frilled lizards
  2 kobolds (D:1)
11 creatures vanquished.

Notes
Turn   | Place    | Note
-------+----------+-------------------------------------------
     0 | D:1      | jasper the Spriggan Necromancer began the quest for the
                  | Orb.
     0 | D:1      | Reached XP level 1. HP: 9/9 MP: 5/5
   341 | D:1      | Reached XP level 2. HP: 7/13 MP: 1/6
   343 | D:1      | Learned a level 1 spell: Animate Skeleton
   881 | D:2      | Slain by an adder

Illustrated notes

Levels and vault maps discovered:
D:1:      eino_arrival_cavern_a, layout_loops_ring
D:2:      layout_rooms, nicolae_ashenzari_panopticon,
          chequers_ecumenical_altar_simple_redux, uniq_jessica

Skill      XL: |  1  2 |
---------------+-------+-----
Stealth        | 4 |  4.0
Necromancy     | 4 |  4.0
Dodging        | |  2.6
Spellcasting   | |  2.6

Action                   || total
-------------------------++-------
Melee: Hand axe          ||    15
 Cast: Pain              ||    31
Armor: Robe              ||     2
Dodge: Dodged            ||    25

Table legend: (Time is in decaauts)
 A = Elapsed time spent in this place.
 B = Non-inter-level travel time spent in this place.
 C = Inter-level travel time spent in this place.
 D = Time resting spent in this place.
 E = Time spent auto-exploring this place.
 F = Levels seen in this place.
 G = Mean time per level.
                   A        B        C        D        E       F      G
               +--------+--------+--------+--------+--------+-----+--------+
         Total |    820 |    820 |      0 |    155 |    571 |   2 |  410.0 |
       Dungeon |    820 |    820 |      0 |    155 |    571 |   2 |  410.0 |
               +--------+--------+--------+--------+--------+-----+--------+

Top non-repeatable levels by time:
     D:1: 791 daAuts
     D:2: 28 daAuts
